 Dungeon Crawl Stone Soup version 0.26-a0-146-g24f6d3962c (webtiles) character file.

Game seed: 1296125315513052924

498 Gargoyl the Skirmisher (level 6, -6/52 HPs)
             Began as a Centaur Abyssal Knight on June 29, 2020.
             Was a Believer of Lugonu.
             Mangled by Menkaure (15 damage)
             ... on level 5 of the Dungeon.
             The game lasted 00:07:47 (5584 turns).

Gargoyl the Skirmisher (Centaur Abyssal Knight)     Turns: 5584, Time: 00:07:48

Health: -6/52      AC: 10    Str: 16    XL:     6   Next: 94%
Magic:  8/8        EV:  8    Int: 11    God:    Lugonu [**....]
Gold:   173        SH:  0    Dex:  9    Spells: 5/5 levels left

rFire    . . .     SeeInvis .   a - +1 hand axe
rCold    . . .     Faith    .   (no shield)
rNeg     . . .     Spirit   .   b - +0 scale mail
rPois    .         Reflect  .   e - +1 helmet
rElec    .         Harm     .   m - +0 cloak
rCorr    .                      (no gloves)
MR       .....                  (no barding)
Stlth    ..........             (no amulet)
HPRegen  0.17/turn              (no ring)
MPRegen  0.11/turn              (no ring)

@: very quick
A: large, hooves 3, deformed body, speed 2, tough skin 3
a: Depart the Abyss, Bend Space, Renounce Religion


You were on level 5 of the Dungeon.
You worshipped Lugonu.
Lugonu was pleased with you.
You were hungry.

You visited 1 branch of the dungeon, and saw 5 of its levels.
You visited the Abyss 1 time.

You collected 173 gold pieces.

Inventory:

Hand Weapons
 a - a +1 hand axe (weapon)
 o - a +0 war axe
Missiles
 f - 5 javelins (quivered)
Armour
 b - a +0 scale mail (worn)
 e - a +1 helmet (worn)
 m - a +0 cloak (worn)
Jewellery
 j - an uncursed amulet of faith
 r - an uncursed ring of see invisible
Wands
 t - a wand of clouds (5)
Scrolls
 d - a scroll of immolation
 n - a scroll of teleportation
 p - a scroll of remove curse
 q - a scroll of amnesia {unknown}
 s - a scroll of enchant weapon {unknown}
Potions
 h - 3 potions of brilliance {unknown}
 i - 2 potions of curing
Comestibles
 c - 5 rations


   Skills:
 + Level 3.8 Fighting
 + Level 3.8 Axes
 * Level 3.4 Armour
 * Level 2.0 Dodging
 * Level 3.5 Invocations


You had 5 spell levels left.
You didn't know any spells.
Your spell library was empty.

Dungeon Overview and Level Annotations

Branches:
Dungeon (5/15)
 Temple: D:4-7

Altars:
Fedhas
Uskayaw

Annotations:
D:5 Menkaure


Innate Abilities, Weirdness & Mutations

You have hooves in place of feet.
Armour fits poorly on your strangely shaped body.
You cover ground very quickly.
You have extremely tough skin. (AC +3)


Message History

Menkaure is nearby!
Menkaure mumbles some strange words.
Menkaure seems to speed up.
Menkaure points at you and mumbles some strange words.
Pain shoots through your body!
Menkaure calls on the powers of darkness!
Your body is wracked with pain!
You hit Menkaure but do no damage. You kick Menkaure, but do no damage.
Menkaure calls on the powers of darkness!
Your body is wracked with pain!
* * * LOW HITPOINT WARNING * * *
You hit Menkaure. You kick Menkaure, but do no damage.
Menkaure is lightly damaged.
Menkaure completely misses you. Menkaure hits you!
* * * LOW HITPOINT WARNING * * *
Unknown command.
You feel better. Menkaure hits you!
* * * LOW HITPOINT WARNING * * *
You feel better. Menkaure hits you!
You die...

.# #.# #.# #.# #.#
#.######
#########.......
#..M@.....#
#.#.##.##.########
#.#. #............
#.#.#####.#######.
#.#.# #.# #.#.#
#.# #.#.# #.#
#.#.#####<######
#.#.#............


You could see Menkaure (fast).

Vanquished Creatures
  Prince Ribbit (D:5)
  A scorpion (D:4)
  A hound (D:4)
  Crazy Yiuf (D:2)
  3 gnolls (D:4)
  5 adders
  2 oozes
  3 worms
  4 dart slugs
  A leopard gecko (D:3)
  8 orcs
  5 giant cockroaches
  10 goblins
  9 hobgoblins
  4 jackals
  5 kobolds
  A quokka (D:3)
  2 ball pythons
  9 bats
  3 frilled lizards
  A giant cockroach zombie (D:1)
  A leopard gecko skeleton (D:4)
  A leopard gecko zombie (D:1)
  5 rats
  A fungus (D:2)
87 creatures vanquished.

Notes
Turn   | Place    | Note
-------+----------+-------------------------------------------
     0 | Abyss:1  | Gargoyl the Centaur Abyssal Knight began the quest for the
                  | Orb.
     0 | Abyss:1  | Reached XP level 1. HP: 19/19 MP: 2/2
    24 | Abyss:1  | Found a hide-covered altar of Uskayaw.
    46 | Abyss:1  | Found a corrupted altar of Lugonu.
   121 | Abyss:1  | Noticed a small abomination
   161 | Abyss:2  | Found a corrupted altar of Lugonu.
   205 | Abyss:2  | Found an ancient bone altar of Kikubaaqudgha.
   231 | Abyss:2  | Found a radiant altar of Vehumet.
   235 | Abyss:2  | Noticed a hell hog
   236 | D:1      | Escaped the Abyss
   583 | D:1      | Reached XP level 2. HP: 24/26 MP: 3/3
   863 | D:1      | Reached skill level 1 in Dodging
  1394 | D:2      | Reached XP level 3. HP: 24/31 MP: 4/4
  1633 | D:2      | Found a hide-covered altar of Uskayaw.
  1688 | D:2      | Reached * piety under Lugonu
  2334 | D:2      | Found a runed translucent door.
  2335 | D:2      | Noticed Crazy Yiuf
  2841 | D:2      | Killed Crazy Yiuf
  2841 | D:2      | Reached XP level 4. HP: 20/38 MP: 1/5
  3062 | D:3      | Found a blossoming altar of Fedhas.
  3533 | D:3      | Reached XP level 5. HP: 29/45 MP: 7/7
  4246 | D:4      | Reached ** piety under Lugonu
  4901 | D:4      | Reached XP level 6. HP: 29/52 MP: 8/8
  5356 | D:5      | Entered Level 5 of the Dungeon
  5356 | D:5      | Noticed Prince Ribbit
  5370 | D:5      | Killed Prince Ribbit
  5575 | D:5      | Noticed Menkaure
  5583 | D:5      | HP: 2/52 [Menkaure (16)]
  5584 | D:5      | Mangled by Menkaure

Illustrated notes

Levels and vault maps discovered:
D:1:      saegor_arrival_fortress, layout_basic, chequers_serial_rivers_small_a
D:2:      layout_basic, eat_drink_and_be_merry_uskayaw, uniq_crazy_yiuf_cottage
D:3:      layout_rooms, first_ration, fedhas_altar_3
D:4:      layout_loops_corners
D:5:      layout_loops_ring, minmay_temple_entry_fiery, uniq_prince_ribbit1,
          uniq_menkaure

Skill      XL: |  1  2  3  4  5  6 |
---------------+-------------------+-----
Axes           | 2 3 |  3.8
Dodging        | 1 2 |  2.0
Armour         | 2 3 |  3.4
Invocations    | 3 |  3.5
Fighting       | |  3.8

Action                   |  1- 3 |  4- 6 || total
-------------------------+-------+-------++-------
Melee: Hand axe          |   144 |   140 ||   284
       Kick              |    18 |    26 ||    44
Invok: Depart the Abyss  |     1 |       ||     1
  Use: Potion            |     4 |     6 ||    10
       Scroll            |     1 |     6 ||     7
 Stab: Invisible         |       |     2 ||     2
  Eat: Chunk             |     2 |     6 ||     8
       Ration            |     1 |       ||     1
Armor: Ring mail         |     8 |       ||     8
       Leather armour    |     2 |       ||     2
       Scale mail        |    71 |   109 ||   180
       Skin              |     3 |       ||     3
Dodge: Dodged            |    63 |    72 ||   135

Table legend:
 A = Non-vault XP
 B = Vault XP
 C = Vault XP percentage of total XP
 D = Non-vault monster count
 E = Vault monster count
 F = Vault count percentage of total count
                 A         B        C        D         E       F
            +---------+---------+-------+---------+---------+-------
      Total |     380 |     332 |  46.6 |      82 |       4 |   4.7
            +---------+---------+-------+---------+---------+-------
        D:1 |      31 |       2 |   6.1 |      14 |       2 |  12.5
        D:2 |      63 |      39 |  38.2 |      24 |       1 |   4.0
        D:3 |      76 |       0 |   0.0 |      26 |       0 |   0.0
        D:4 |     210 |       0 |   0.0 |      18 |       0 |   0.0
        D:5 |       0 |     291 | 100.0 |       0 |       1 | 100.0
            +---------+---------+-------+---------+---------+-------
